 Dungeon Crawl Stone Soup version 0.15.0-12-gccce430 (webtiles) character file.

71 CrazyArbalest the Bolt Thrower (level 4, 32/32 HPs)
             Began as a Demonspawn Hunter on Sept 1, 2014.
             Quit the game on Level 2 of the Dungeon.
             The game lasted 00:06:59 (1270 turns).

CrazyArbalest the Bolt Thrower (Demonspawn Hunter)  Turns: 1270, Time: 00:06:59

HP  32/32        AC  6     Str 13      XL: 4   Next:  5%
MP   4/4         EV  9     Int 12      God:
Gold 63          SH  0     Dex 14      Spells:  0 memorised,  3 levels left

rFire  . . .     SeeInvis .     a - +0 whip
rCold  . . .     Clarity  .     k - +0 ring mail
rNeg   . . .     rCorr    .     (no shield)
rPois  .         rRot     .     (helmet restricted)
rElec  .         Spirit   .     (no cloak)
SustAb .         Warding  .     (no gloves)
rMut   .         Stasis   .     p - +0 pair of boots
Gourm  .                        (no amulet)
MR     .....                    (no ring)
                                (no ring)

@: not resistant to hostile enchantments, very unstealthy
A: horns 1, powered by death 1
a: no special abilities


You were on level 2 of the Dungeon.
You were not hungry.

You visited 1 branch of the dungeon, and saw 2 of its levels.

You collected 63 gold pieces.

Inventory:

Hand weapons
 a - a +0 whip (weapon)
 b - a +1 hand crossbow
Missiles
 c - 13 bolts
Armour
 d - a +0 leather armour
 k - a +0 ring mail (worn)
 p - a +0 pair of boots (worn)
Comestibles
 f - a bread ration
 m - a chunk of rat flesh
 q - 2 rotting chunks of worm flesh
 s - a chunk of giant cockroach flesh
Scrolls
 e - 8 scrolls of identify {unknown}
 g - a scroll of magic mapping {unknown}
 h - a scroll of enchant armour {unknown}
 j - a scroll of teleportation {unknown}
 n - a scroll of immolation {unknown}
Jewellery
 o - a +1 ring of intelligence {unknown}
 r - an uncursed amulet of warding {unknown}
Potions
 i - 2 potions of haste {unknown}
 l - a potion of agility {unknown}


   Skills:
 + Level 1.0 Fighting
 * Level 0.5 Maces & Flails
 * Level 4.7 Crossbows
 + Level 1.0 Armour
 + Level 1.9 Dodging
 + Level 0.8 Stealth


You had 3 spell levels left.
You didn't know any spells.

Dungeon Overview and Level Annotations

Branches:
Dungeon (2/15)

Altars:


Innate Abilities, Weirdness & Mutations

You have a pair of small horns on your head.
You can steal the life force of nearby defeated enemies.


Message History

a club; a hobgoblin corpse; a rat corpse Firing (i - inventory):
c - 14 bolts (quivered)
Press: ? - help, Shift-Dir - straight line, f - adder
Aim: an adder You shoot a bolt.
The bolt hits the adder.
The adder is heavily wounded.
Wield which item (- for none, * to show all)? (? for menu, Esc to quit)
a - a +0 whip (weapon)
The adder bites you but does no damage.
You miss the adder.
The adder is heavily wounded.
The adder bites you but does no damage.
You hit the adder.
You kill the adder!
You have reached level 4!
You feel monstrous as your demonic heritage exerts itself.
Your demonic ancestry asserts itself...
A pair of horns grows on your head!
You feel stronger.
Are you sure you want to abandon this character and quit the game? (Confirm with "yes".)

### #...........##
.....# #.............
......# #...........##
....$..# #.............
+.......# #............#
#.......# #....#####...#
#.......# #....#####...#
#.......# #............#
#......@# #....#####....
#......%###.#..........#
##....(...#.#.##....(..'
#....###)#.#.##.......#
#.... #.#.#'##.......#
#.... #..............#
#... #..............#
... #..............# #
###...)..........#


There were no monsters in sight!

Vanquished Creatures
  A gnoll (D:1)
  2 adders (D:2)
  2 worms (D:2)
  A giant gecko (D:1)
  3 bats
  4 giant cockroaches
  2 goblins (D:1)
  5 hobgoblins (D:2)
  3 kobolds
  A quokka (D:2)
  7 rats
31 creatures vanquished.

Notes
Turn   | Place    | Note
--------------------------------------------------------------
     0 | D:1      | CrazyArbalest, the Demonspawn Hunter, began the quest for the Orb.
     0 | D:1      | Reached XP level 1. HP: 15/15 MP: 1/1
   135 | D:1      | Reached skill level 4 in Crossbows
   148 | D:1      | Gained mutation: You can steal the life force of nearby defeated enemies. [demonic ancestry]
   148 | D:1      | Reached XP level 2. HP: 19/21 MP: 2/2
   635 | D:2      | Reached XP level 3. HP: 19/26 MP: 3/3
  1102 | D:2      | Reached skill level 1 in Armour
  1269 | D:2      | Gained mutation: You have a pair of small horns on your head. [demonic ancestry]
  1269 | D:2      | Reached XP level 4. HP: 32/32 MP: 4/4
  1270 | D:2      | Quit the game

Action                   |  1- 3 |  4- 6 || total
-------------------------+-------+-------++-------
Melee: Whip              |    62 |       ||    62
 Fire: Hand crossbow     |    55 |       ||    55
  Eat: Chunk             |     1 |       ||     1
